 Dungeon Crawl Stone Soup version 0.20.1-1-g8b1a95d (webtiles) character file.

102074 Megalobster the Severer (level 15, -5/141 HPs)
             Began as a Deep Dwarf Fighter on Aug 8, 2017.
             Was a High Priest of Makhleb.
             Shot with an arrow by Vashnia (22 damage)
             ... on level 2 of the Snake Pit.
             The game lasted 02:46:33 (23324 turns).

Megalobster the Severer (Deep Dwarf Fighter)       Turns: 23324, Time: 02:46:33

Health: -5/141     AC: 22    Str: 25    XL:     15   Next: 85%
Magic:  6/6        EV: 15    Int: 18    God:    Makhleb [*****.]
Gold:   617        SH:  9    Dex: 12    Spells: 12/14 levels left

rFire    . . .     SeeInvis +   b - +5 broad axe (venom)
rCold    + . .     Gourm    .   u - +2 buckler {reflect}
rNeg     + . .     Faith    .   y - +3 ring mail of Shadows and Fog {*Slow rPois Int+6 SInv}
rPois    +         Spirit   .   H - +2 helmet
rElec    .         Reflect  +   v - +2 cloak {+Inv}
rCorr    .         Harm     .   G - +2 pair of gloves
MR       +++..     Clarity  +   x - +0 pair of boots
Stlth    +.........             (no amulet)
Regen    0.0/turn               d - ring of protection from magic
MPRegen  0.1/turn               P - ring of protection from cold

@: non-regenerating
A: damage resistance, heal wounds, hooves 1, clarity, clever 1, negative energy
resistance 1, sense surroundings 2, no regeneration
a: Heal Wounds, Minor Destruction, Lesser Servant of Makhleb, Major Destruction,
Greater Servant of Makhleb, Renounce Religion, Evoke Invisibility


You were on level 2 of the Snake Pit.
You worshipped Makhleb.
Makhleb was extremely pleased with you.
You were hungry.

You visited 5 branches of the dungeon, and saw 26 of its levels.
You also visited: Sewer, Bailey and Ice Cave.

You collected 2711 gold pieces.
You spent 2094 gold pieces at shops.

Inventory:

Hand Weapons
 a - a +3 war axe of flaming
 b - a +5 broad axe of venom (weapon)
Missiles
 c - 17 javelins of returning
 q - 8 javelins of penetration
 U - 28 tomahawks (quivered)
Armour
 e - +0 fire dragon scales
 u - a +2 buckler of reflection (worn)
 v - a +2 cloak of invisibility (worn)
 x - a +0 pair of boots (worn)
 y - the +3 ring mail of Shadows and Fog (worn) {*Slow rPois Int+6 SInv}
   (You found it on level 6 of the Lair of Beasts)

   It affects your intelligence (+6).
   It protects you from poison.
   It lets you see invisible.
   It may slow you when you take damage.
 G - a +2 pair of gloves (worn)
 H - a +2 helmet (worn)
Jewellery
 d - a ring of protection from magic (left hand)
 i - an uncursed ring of flight
 P - a ring of protection from cold (right hand)
Wands
 g - a wand of acid (6/15)
 h - a wand of digging (5/24)
 m - a wand of disintegration (7/24)
 D - a wand of flame (22/48)
 I - a wand of disintegration (16/24)
 O - a wand of acid (4/15)
Scrolls
 f - 2 scrolls of magic mapping
 k - 14 scrolls of teleportation
 l - 3 scrolls of fog
 o - 2 scrolls of identify
 p - 2 scrolls of enchant armour
 r - 9 scrolls of remove curse
 A - 3 scrolls of blinking
 C - 3 scrolls of fear
 K - a scroll of summoning
 L - a scroll of silence
 Y - 5 scrolls of recharging
Potions
 j - a potion of ambrosia
 s - 2 potions of haste
 B - 3 potions of cancellation
 F - 3 potions of flight
 M - 2 potions of heal wounds
 S - 2 potions of invisibility
 V - a potion of curing
 W - a potion of agility
Miscellaneous
 n - a phial of floods
 N - a lightning rod (4/4)
Comestibles
 t - a bread ration
 z - 54 fruits
 E - 24 royal jellies


   Skills:
 - Level 11.0 Fighting
 - Level 15.8 Axes
 - Level 4.1 Throwing
 - Level 11.2 Armour
 + Level 8.1 Dodging
 * Level 13.1 Shields
 + Level 15.4 Invocations
 - Level 6.3 Evocations


You had 12 spell levels left.
You knew the following spells:

 Your Spells              Type           Power        Failure   Level  Hunger
a - Blink                 Tloc           N/A          41%         2    ###....


Dungeon Overview and Level Annotations

Branches:
Dungeon (15/15)            Temple (1/1) D:5            Lair (6/6) D:11
 Shoals (0/4) Lair:2        Snake (2/4) Lair:2        Slime (0/5) Lair:6
    Orc (2/2) D:10            Elf (0/3) Orc:2        Vaults (0/5) D:14
 Depths (0/5) D:15

Altars:
Ashenzari
Cheibriados
Dithmenos
Elyvilon
Fedhas
Gozag
Hepliaklqana
Kikubaaqudgha
Makhleb
Nemelex Xobeh
Okawaru
Qazlal
Ru
Sif Muna
Trog
Uskayaw
Vehumet
Xom
Yredelemnul
Zin
The Shining One
Beogh
Jiyva

Shops:
D:5 =   D:7 ?   Orc:2 ([(:?   Snake:1 }(*?

Annotations:
Lair:6 exclusion: oklob plant
Snake:2 Vashnia


Innate Abilities, Weirdness & Mutations

You are resistant to damage.
You can heal yourself by infusing magical energy.
You resist negative energy. (rN+)
You passively map the area around you.
You do not regenerate.
You have large cloven feet.
You possess an exceptional clarity of mind.
Your mind is acute. (Int +2)


Message History

You closely miss Vashnia.
Vashnia is moderately wounded.
Vashnia shoots an arrow.
The arrow hits you!!
* * * LOW HITPOINT WARNING * * *
You feel much better.
You barely miss Vashnia.
Vashnia is moderately wounded.
Vashnia shoots an arrow.
The arrow hits you!!
* * * LOW HITPOINT WARNING * * *
Okay, then.
A demon appears!
Vashnia shoots an arrow.
You reflect the arrow off your +2 buckler of reflection!
The arrow hits Vashnia but does no damage.
Vashnia shoots an arrow.
The arrow hits you!!
* * * LOW HITPOINT WARNING * * *
You see here an arrow.
You slash Vashnia!
Vashnia is moderately wounded.
Vashnia shoots an arrow.
The arrow hits you!!
You die...

, ,
..#..#....(..#..#†....#
,
....#..(>...#..)).<.⌠#
, ,
,#..#.......#..#.....#
,,
#..##.).⌠.##..##.⌠.## ,
, , #..#(....#..#######
, , , #((().......# ,
##2##...##.## , ,,
,,,,, ,* #N(#####..# ,
, , , * ##@......##, ,
, * * ##....[##, ,, * *
##.### , * ,, .# , ** ,
# * * , * * , * , , ,
*, , , , ,


You could see Vashnia and a friendly cacodemon.

Vanquished Creatures
  Aizul (Snake:1)
  An orc warlord (Orc:2)
  A reaper (IceCv)
  Nessos (D:13)
  A fire dragon (Lair:6)
  5 anacondas (Snake:1)
  A death knight (D:12)
  3 hydras
  4 two-headed ogres
  2 centaur warriors
  A tengu warrior (D:14)
  3 orc high priests
  A naga sharpshooter (Snake:2)
  Nergalle (D:10)
  A fire crab (Lair:6)
  6 skeletal warriors (D:15)
  A golden dragon zombie (D:15)
  2 unseen horrors (D:12)
  A flayed ghost (D:15)
  The ghost of adept the Cleaver, a novice GrBe of Trog (Bailey)
  A necromancer (D:15)
  3 ugly things
  2 mana vipers (Snake:1)
  A lindwurm (Lair:6)
  6 cyclopes
  5 salamanders
  2 deep elf magi
  3 orc sorcerers
  A fire giant zombie (D:15)
  A wolf spider zombie (D:15)
  2 elephants (Lair:6)
  7 black mambas
  Maurice (D:11)
  An ice statue (IceCv)
  3 molten gargoyles (D:14)
  A naga mage (Snake:1)
  A water nymph (shapeshifter) (D:14)
  Psyche (D:10)
  5 torpor snails (Lair:6)
  8 spiny frogs
  6 rime drakes (Lair:6)
  A rime drake (shapeshifter) (D:14)
  3 gargoyles
  3 komodo dragons
  8 ice devils (IceCv)
  A guardian mummy (D:15)
  A queen bee (D:15)
  13 polar bears
  A harpy zombie (D:15)
  7 trolls
  4 tyrant leeches (Lair:6)
  A tengu conjurer (D:15)
  8 hornets
  A raiju (Lair:6)
  7 blink frogs
  A meliai zombie (D:15)
  4 dream sheep (Lair:4)
  9 hippogriffs
  A snapping turtle (Lair:2)
  A tarantella (shapeshifter) (D:14)
  3 shadows
  3 wyverns
  An ettin skeleton (D:15)
  9 yaks
  A hog (shapeshifter) (D:14)
  2 hungry ghosts
  5 wraiths
  Eustachio (D:4)
  The ghost of daodarkstar the Skirmisher, an amateur DsFi (D:4)
  11 wargs
  A basilisk (D:15)
  A steam dragon (D:15)
  2 soldier ants (D:12)
  8 nagas
  12 water moccasins
  Duvessa (D:4)
  9 hell hounds (Lair:6)
  8 porcupines
  A hornet zombie (D:15)
  42 orc warriors
  4 ice beasts
  3 sky beasts
  2 eyes of draining
  10 black bears (Lair:6)
  12 ogres
  2 necrophages
  5 boggarts (D:12)
  2 phantoms
  12 wolves
  20 centaurs
  11 crocodiles
  A big kobold (D:7)
  17 bullfrogs
  Dowan (D:4)
  2 wyvern zombies
  3 scorpions
  13 killer bees
  3 electric eels (Lair:2)
  6 howler monkeys
  4 crimson imps
  A lava snake (D:14)
  2 bullfrog zombies
  11 centaur zombies
  2 jellies
  16 orc priests
  6 hounds
  19 orc wizards
  2 bullfrog skeletons
  Natasha (thrice) (D:3)
  An iguana (D:11)
  12 worker ants
  A hound skeleton (D:8)
  2 mummies (D:15)
  A howler monkey zombie (D:10)
  3 worker ant zombies
  7 gnolls
  18 adders
  8 shadow imps
  11 white imps
  9 ufetubi (IceCv)
  3 adder skeletons
  An adder zombie (D:9)
  4 worms (D:15)
  A dart slug (D:1)
  7 leopard geckos
  135 orcs
  4 ball pythons
  18 giant cockroaches
  7 goblins
  6 hobgoblins
  14 jackals
  5 quokkas
  13 bats
  11 frilled lizards
  A jackal zombie (D:8)
  15 kobolds
  A quokka zombie (D:7)
  2 rats (D:1)
  A fungus (Lair:2)
  5 plants
  2 withered plants (D:15)
820 creatures vanquished.

Vanquished Creatures (collateral kills)
  Gastronok (Lair:2)
  Agnes (Snake:1)
  Josephine (Lair:6)
  A hydra (Lair:6)
  A two-headed ogre (D:12)
  2 naga sharpshooters (Snake:2)
  Urug (D:11)
  A shock serpent (Snake:1)
  A skeletal warrior (D:15)
  A naga ritualist (Snake:1)
  A sphinx zombie (D:15)
  A wolf spider zombie (D:15)
  2 orc knights
  An ugly thing (D:15)
  4 black mambas
  5 elephants
  2 centaur zombies (D:15)
  A molten gargoyle (D:14)
  An ice statue (IceCv)
  A gargoyle (D:15)
  A centaur skeleton (D:14)
  A rime drake (Lair:5)
  An ice devil (IceCv)
  A harpy zombie (D:15)
  A polar bear (Lair:6)
  A slime creature (D:12)
  A blink frog (Lair:5)
  A hornet (Lair:6)
  A hippogriff (D:15)
  A raiju (Lair:6)
  A meliai zombie (D:15)
  3 dream sheep (Lair:4)
  A water elemental (D:15)
  3 yaks (Lair:4)
  A wraith (Lair:6)
  A wyvern (Lair:4)
  A basilisk (D:11)
  2 wargs
  A naga (Lair:2)
  An acid dragon (D:12)
  A water moccasin (Lair:3)
  4 hell hounds (Lair:6)
  An ice beast (D:15)
  2 orc warriors (Orc:2)
  A black bear (Lair:6)
  An ogre (D:12)
  7 wolves
  A centaur (D:15)
  A big kobold (D:14)
  A crocodile (Lair:3)
  A wyvern zombie (D:12)
  A crimson imp (D:12)
  5 white imps (Lair:5)
  3 orcs (Bailey)
  A goblin (D:14)
  2 fungi (Lair:5)
  2 plants
  A withered plant (D:15)
91 creatures vanquished.

Vanquished Creatures (others)
  A crocodile (Lair:6)
  5 white imps (IceCv)
  3 ufetubi (IceCv)
  2 fungi (Lair:2)
  13 plants (Lair:6)
24 creatures vanquished.

Grand Total: 935 creatures vanquished

Notes
Turn   | Place    | Note
-------+----------+-------------------------------------------
     0 | D:1      | Megalobster the Deep Dwarf Fighter began the quest for the Orb.
     0 | D:1      | Reached XP level 1. HP: 20/20 MP: 1/1
   315 | D:1      | Reached XP level 2. HP: 22/27 MP: 2/2
   790 | D:1      | Reached XP level 3. HP: 27/34 MP: 3/3
  1468 | D:2      | Reached XP level 4. HP: 29/42 MP: 4/4
  1965 | D:3      | Noticed Natasha
  1975 | D:3      | Killed Natasha
  2075 | D:3      | Noticed Natasha
  2084 | D:3      | Killed Natasha
  2084 | D:3      | Reached XP level 5. HP: 24/49 MP: 5/5
  2089 | D:3      | Noticed Natasha
  2096 | D:3      | Killed Natasha
  2227 | D:4      | Noticed Dowan
  2229 | D:4      | Noticed Duvessa
  2239 | D:4      | Killed Duvessa
  2239 | D:4      | Reached XP level 6. HP: 25/57 MP: 6/6
  2247 | D:4      | Killed Dowan
  2286 | D:4      | Found a blossoming altar of Fedhas.
  2297 | D:4      | Noticed Eustachio
  2309 | D:4      | Noticed daodarkstar's ghost (amateur DsFi)
  2324 | D:4      | HP: 3/85 [daodarkstar's ghost (7)]
  2334 | D:4      | Killed daodarkstar's ghost
  2334 | D:4      | Reached skill level 5 in Axes
  2334 | D:4      | Reached skill level 5 in Shields
  2346 | D:4      | Killed Eustachio
  2346 | D:4      | Reached XP level 7. HP: 30/64 MP: 5/5
  2371 | D:4      | Reached skill level 5 in Armour
  2420 | D:4      | Found a stormy altar of Qazlal.
  2476 | D:4      | Found a glowing drain.
  2525 | Sewer    | Entered a sewer
  2854 | Sewer    | Reached XP level 8. HP: 28/73 MP: 3/3
  3014 | D:5      | Entered Level 5 of the Dungeon
  3149 | D:5      | Found Seneed's Jewellery Shop.
  3477 | D:5      | Found a staircase to the Ecumenical Temple.
  3486 | Temple   | Entered the Ecumenical Temple
  3572 | Temple   | Became a worshipper of Makhleb the Destroyer
  3649 | D:5      | Reached skill level 5 in Fighting
  3962 | D:6      | Reached skill level 1 in Invocations
  3975 | D:6      | Gained mutation: You have large cloven feet. [potion of mutation]
  3975 | D:6      | Gained mutation: You possess an exceptional clarity of mind. [potion of mutation]
  3975 | D:6      | Gained mutation: Your mind is acute. (Int +2) [potion of mutation]
  3998 | D:6      | Got a slimy short sword
  3999 | D:6      | Identified the +4 short sword of the Globe {chaos, MP+9} (You found it on level 6 of the Dungeon)
  4335 | D:6      | Found a glowing golden altar of the Shining One.
  4764 | D:7      | Gained mutation: You passively map the area around you. [Deep Dwarf growth]
  4764 | D:7      | Reached XP level 9. HP: 31/81 MP: 2/2
  4985 | D:7      | Reached * piety under Makhleb
  4988 | D:7      | Found Ryehong's Magic Scroll Emporium.
  5014 | D:7      | Bought a scroll of remove curse for 39 gold pieces
  5014 | D:7      | Bought a scroll of identify for 26 gold pieces
  5021 | D:7      | Bought a scroll of identify for 26 gold pieces
  5101 | D:7      | Found a sparkling altar of Nemelex Xobeh.
  5101 | D:7      | Found a radiant altar of Vehumet.
  5110 | D:7      | Found an opulent altar of Gozag.
  5112 | D:7      | Found a shimmering altar of Xom.
  5114 | D:7      | Found a faded altar of an unknown god.
  5638 | D:8      | Reached skill level 5 in Invocations
  5737 | D:8      | Reached ** piety under Makhleb
  6705 | D:9      | Noticed a two-headed ogre
  6715 | D:9      | Killed a two-headed ogre
  6715 | D:9      | Reached XP level 10. HP: 59/91 MP: 6/6
  6957 | D:10     | Entered Level 10 of the Dungeon
  6990 | D:10     | Noticed a two-headed ogre
  7000 | D:10     | Killed a two-headed ogre
  7000 | D:10     | Reached skill level 10 in Axes
  7048 | D:10     | Reached *** piety under Makhleb
  7168 | D:10     | Found a staircase to the Orcish Mines.
  7306 | D:10     | Noticed Psyche
  7306 | D:10     | Noticed Nergalle
  7333 | D:10     | Killed Nergalle
  7355 | D:10     | Killed Psyche
  7627 | D:11     | Noticed a two-headed ogre
  7636 | D:11     | Killed a two-headed ogre
  7720 | D:11     | Reached XP level 11. HP: 66/97 MP: 8/8
  7783 | D:11     | Found a staircase to the Lair.
  7801 | D:11     | Reached skill level 5 in Evocations
  7931 | D:11     | Noticed Urug
  7954 | D:11     | Killed Urug
  8178 | D:11     | Noticed Maurice
  8190 | D:11     | Killed Maurice
  8452 | Lair:1   | Entered Level 1 of the Lair of Beasts
  8475 | Lair:1   | Reached skill level 1 in Dodging
  8978 | Lair:1   | Reached skill level 5 in Dodging
  9449 | Lair:2   | Reached skill level 10 in Invocations
  9619 | Lair:2   | Noticed a six-headed hydra
  9624 | Lair:2   | Killed a five-headed hydra
  9636 | Lair:2   | Reached XP level 12. HP: 97/112 MP: 9/9
  9644 | Lair:2   | Found a staircase to the Snake Pit.
  9644 | Lair:2   | Noticed Gastronok
  9669 | Lair:2   | Killed Gastronok
  9896 | Lair:2   | Found a staircase to the Shoals.
 10598 | Lair:3   | Learned a level 2 spell: Blink
 10921 | Lair:4   | Reached **** piety under Makhleb
 12005 | Lair:5   | Found a frozen archway.
 12035 | IceCv    | Entered an ice cave
 12446 | IceCv    | Noticed a reaper
 12459 | IceCv    | Killed a reaper
 12941 | Lair:5   | Reached XP level 13. HP: 85/121 MP: 10/10
 13034 | Lair:5   | Got an ancient rapier
 13554 | Lair:6   | Entered Level 6 of the Lair of Beasts
 13650 | Lair:6   | Got a faintly glowing leather armour
 13768 | Lair:6   | Got a scorched hand axe
 13769 | Lair:6   | Identified the cursed +1 hand axe of Fundamental Breach {venom, rF+ MR- Dex+2} (You found it on level 6 of the Lair of Beasts)
 13776 | Lair:6   | Identified the +1 leather armour "Hyuni" {Str+2 Int+3} (You found it on level 6 of the Lair of Beasts)
 13813 | Lair:6   | Got a fine ring mail
 14063 | Lair:6   | Reached skill level 10 in Fighting
 14453 | Lair:6   | Noticed Josephine
 14468 | Lair:6   | Killed Josephine
 14468 | Lair:6   | Reached skill level 10 in Armour
 14568 | Lair:6   | Identified the +3 ring mail of Shadows and Fog {*Slow rPois Int+6 SInv} (You found it on level 6 of the Lair of Beasts)
 14650 | Lair:6   | Found a runed door.
 14873 | Lair:6   | Noticed a fire dragon
 14881 | Lair:6   | Killed a fire dragon
 14977 | Lair:6   | Gained mutation: You resist negative energy. (rN+) [Deep Dwarf growth]
 14977 | Lair:6   | Reached XP level 14. HP: 69/133 MP: 10/10
 15073 | Lair:6   | Found a staircase to the Slime Pits.
 15074 | Lair:6   | Found a viscous altar of Jiyva.
 15377 | D:5      | Bought an uncursed ring of protection from magic for 375 gold pieces
 15450 | D:7      | Bought a scroll of remove curse for 39 gold pieces
 15450 | D:7      | Bought a scroll of enchant armour for 97 gold pieces
 15566 | Orc:1    | Entered Level 1 of the Orcish Mines
 16072 | Orc:2    | Entered Level 2 of the Orcish Mines
 16081 | Orc:2    | Reached ***** piety under Makhleb
 16109 | Orc:2    | Found a roughly hewn altar of Beogh.
 16233 | Orc:2    | Found a staircase to the Elven Halls.
 16339 | Orc:2    | Found a roughly hewn altar of Beogh.
 16417 | Orc:2    | Noticed an orc warlord
 16558 | Orc:1    | Reached skill level 15 in Axes
 16638 | Orc:2    | Killed an orc warlord
 16741 | Orc:2    | Found Vuycuiq's Magic Scroll Emporium.
 16760 | Orc:2    | Bought a scroll of enchant weapon for 97 gold pieces
 16796 | Orc:2    | Found a roughly hewn altar of Beogh.
 16820 | Orc:2    | Found a roughly hewn altar of Beogh.
 16930 | Orc:2    | Found a roughly hewn altar of Beogh.
 16933 | Orc:2    | Found Goaxu's Book Shoppe.
 17010 | Orc:2    | Found a roughly hewn altar of Beogh.
 17012 | Orc:2    | Found Mevan's Weapon Emporium.
 17090 | Orc:2    | Found Odwuf's Antique Weapon Shop.
 17097 | Orc:2    | Found Locwizxa's Antique Armour Boutique.
 17098 | Orc:2    | Found a roughly hewn altar of Beogh.
 17119 | Orc:2    | Bought a glowing shield for 232 gold pieces
 17444 | Orc:2    | Bought a scroll of fear for 45 gold pieces
 17444 | Orc:2    | Bought a scroll of identify for 26 gold pieces
 17444 | Orc:2    | Bought a scroll of teleportation for 39 gold pieces
 17444 | Orc:2    | Bought a scroll of teleportation for 39 gold pieces
 17444 | Orc:2    | Bought a scroll of teleportation for 39 gold pieces
 17444 | Orc:2    | Bought a scroll of teleportation for 39 gold pieces
 17800 | D:12     | Paralysed by a hornet for 3 turns
 18527 | D:12     | Got an ancient quarterstaff
 18872 | D:13     | Noticed Nessos
 18897 | D:13     | Killed Nessos
 19629 | D:14     | Found a flagged portal.
 19636 | Bailey   | Entered a bailey
 19671 | Bailey   | Reached skill level 10 in Shields
 19873 | Bailey   | Noticed adept's ghost (novice GrBe)
 19886 | Bailey   | Killed adept's ghost
 20144 | Bailey   | Identified a scroll of acquirement
 20336 | D:14     | Reached XP level 15. HP: 102/141 MP: 8/8
 20339 | D:14     | Found a gate to the Vaults.
 20625 | D:15     | Entered Level 15 of the Dungeon
 20989 | D:15     | Found a staircase to the Depths.
 22026 | Snake:1  | Entered Level 1 of the Snake Pit
 22035 | Snake:1  | Found Puta's Gadget Boutique.
 22047 | Snake:1  | Found Juet's General Store.
 22047 | Snake:1  | Found Eteeru's Antique Weapon Boutique.
 22062 | Snake:1  | Found Vouggeat's Magic Scroll Shop.
 22064 | Snake:1  | Noticed Aizul
 22074 | Snake:1  | Killed Aizul
 22074 | Snake:1  | Reached skill level 15 in Invocations
 22084 | Snake:1  | Bought a scroll of acquirement for 936 gold pieces
 22256 | Snake:1  | Noticed Agnes
 22264 | Snake:1  | Killed Agnes
 23288 | Snake:2  | Noticed Vashnia
 23324 | Snake:2  | Shot with an arrow by Vashnia

Skill      XL: |  1  2  3  4  5  6  7  8  9 10 11 12 13 14 15 |
---------------+----------------------------------------------+-----
Fighting       | 3 4 5 6 8 9 10 11 | 11.0
Axes           | 3 4 5 6 8 9 11 13 14 15 | 15.8
Shields        | 4 5 6 7 8 10 13 | 13.1
Armour         | 4 5 6 7 8 10 11 | 11.2
Invocations    | 3 7 8 10 12 14 15 | 15.4
Throwing       | 2 4 |  4.1
Evocations     | 3 6 |  6.3
Dodging        | 5 8 |  8.1

Action                   |  1- 3 |  4- 6 |  7- 9 | 10-12 | 13-15 || total
-------------------------+-------+-------+-------+-------+-------++-------
Melee: War axe           |   104 |   143 |   365 |   441 |   250 ||  1303
       Kick              |       |       |   101 |   164 |   223 ||   488
       Hand axe          |       |       |    71 |       |       ||    71
       Broad axe         |       |       |       |       |   908 ||   908
 Fire: Blowgun           |       |       |       |    10 |       ||    10
Throw: Stone             |       |     4 |    19 |     5 |       ||    28
       Tomahawk          |       |       |     3 |    66 |     3 ||    72
       Javelin           |       |       |       |    11 |     2 ||    13
Invok: Minor Destruction |       |       |       |   121 |   333 ||   454
       Lesser Servant of |       |       |       |    19 |    48 ||    67
       Major Destruction |       |       |       |     1 |    24 ||    25
       Greater Servant o |       |       |       |       |     2 ||     2
 Abil: Heal Wounds       |       |     5 |    13 |    10 |    18 ||    46
       Evoke Flight      |       |       |       |       |     1 ||     1
Evoke: Lightning rod     |       |       |       |     4 |     4 ||     8
       Wand              |       |       |       |     6 |     3 ||     9
  Use: Potion            |       |     4 |     3 |     2 |     7 ||    16
       Scroll            |       |       |     7 |    15 |    15 ||    37
 Stab: Distracted        |       |       |       |     5 |    13 ||    18
       Confused          |       |       |       |       |     1 ||     1
  Eat: Chunk             |     2 |     3 |    18 |    15 |    29 ||    67
       Fruit             |       |       |       |     5 |     3 ||     8
       Bread ration      |       |       |       |     1 |       ||     1
Armor: Scale mail        |    42 |    96 |   116 |       |       ||   254
       Skin              |       |    45 |       |       |    13 ||    58
       Chain mail        |       |       |    35 |    59 |       ||    94
       Plate armour      |       |       |       |   158 |   106 ||   264
       Ring mail         |       |       |       |       |   215 ||   215
       Fire dragon scale |       |       |       |       |   165 ||   165
Dodge: Dodged            |    35 |    79 |   122 |   124 |   488 ||   848
Block: Shield            |    75 |   164 |   270 |   238 |   475 ||  1222
       Buckler           |       |       |       |       |   162 ||   162
       Reflection        |       |       |       |       |    11 ||    11
